 Dungeon Crawl Stone Soup version 0.28-a0-845-gfc338a8e3c (webtiles) character file.

Game seed: 14292816623317579691

65 Crownlay the Digger (level 4, 0/24 HPs)
             Began as a Gargoyle Earth Elementalist on Nov 12, 2021.
             Slain by a goblin (3 damage)
             ... led by Robin
             ... on level 2 of the Dungeon.
             The game lasted 00:01:53 (1346 turns).

Crownlay the Digger (Gargoyle Earth Elementalist)   Turns: 1346, Time: 00:01:54

Health: 0/24       AC:  5    Str: 11    XL:     4   Next: 14%
Magic:  4/8        EV: 11    Int: 17    God:
Gold:   65         SH:  0    Dex: 10    Spells: 5/9 levels left

rFire   . . .      SeeInvis .   g - +2 short sword (venom)
rCold   . . .      Faith    .   (no shield)
rNeg    + . .      Spirit   .   b - +0 robe
rPois   ∞          Reflect  .   (no helmet)
rElec   +          Harm     .   (no cloak)
rCorr   .          Rampage  .   (no gloves)
Will    .....                   (no boots)
Stlth   ++........              (no amulet)
HPRegen 0.08/turn               (no ring)
MPRegen 0.11/turn               (no ring)

@: no status effects
A: sickness immunity, AC +3, negative energy resistance 1, electricity
resistance, torment resistance 1, petrification resistance
a: no special abilities


You were on level 2 of the Dungeon.
You visited 1 branch of the dungeon, and saw 2 of its levels.

You collected 130 gold pieces.
You spent 65 gold pieces at shops.

Inventory:

Hand Weapons
 g - a +2 short sword of venom (weapon)
Missiles
 c - 21 stones
Armour
 b - a +0 robe (worn)
Scrolls
 e - 2 scrolls of identify
 f - a scroll of noise
Potions
 a - a potion of heal wounds {unknown}
 d - a potion of ambrosia {unknown}


   Skills:
 - Level 1.5 Dodging
 - Level 2.1 Stealth
 + Level 3.1 Spellcasting
 - Level 0.7 Transmutations
 + Level 4.9 Earth Magic


You had 5 spell levels left.
You knew the following spells:

 Your Spells              Type           Power      Damage    Failure   Level
a - Sandblast             Erth           38%        2d10      2%          1
b - Stone Arrow           Conj/Erth      22%        3d8       19%         3

Your spell library contained the following spells:

 Spells                   Type           Power      Damage    Failure   Level
 Passwall                 Tmut/Erth      10%        N/A       9%          2
 Petrify                  Tmut/Erth      12%        N/A       47%         4


Dungeon Overview and Level Annotations

Branches:
Dungeon (2/15)

Altars:

Shops:
D:1 ?

Annotations:
D:2 Robin


Innate Abilities, Weirdness & Mutations

You are immune to sickness and miasma.
Your stone body is resilient. (AC +3)
You are immune to poison.
You resist negative energy. (rN+)
You are resistant to electric shocks. (rElec)
You are resistant to unholy torment.
You are immune to petrification.


Message History

Robin roars a battlecry!
The goblins go into a battle-frenzy!
The goblin closely misses you. Robin throws the goblin at you!
The goblin hits you with a +0 club.
You miss the goblin.
The goblin is severely wounded.
You kill the goblin!
You barely miss the goblin. The goblin hits you with a +0 dagger.
* * * LOW HITPOINT WARNING * * *
Robin throws the goblin at you!
* * * LOW HITPOINT WARNING * * *
Casting: Sandblast (safe; 2% risk of failure)
Confirm with . or Enter, or press ? or * to list all spells.
Aiming: Sandblast (safe; 2% risk of failure)
Press: ? - help, Shift-Dir - straight line, f - goblin, p - Robin
Aim: a goblin, wielding a +0 dagger (strong, 74% to hit)
The blast of sand hits the goblin!
You kill the goblin!
The goblin barely misses you.
Casting: Sandblast (safe; 2% risk of failure)
Confirm with . or Enter, or press ? or * to list all spells.
Aiming: Sandblast (safe; 2% risk of failure)
Press: ? - help, Shift-Dir - straight line, f - goblin
Aim: a goblin, wielding a +0 club (strong, 74% to hit)
The blast of sand hits the goblin!
You kill the goblin!
The goblin barely misses you.
Robin roars a battlecry!
The goblin closely misses you.
You hear a shout!
Casting: Sandblast (safe; 2% risk of failure)
Confirm with . or Enter, or press ? or * to list all spells.
Aiming: Sandblast (safe; 2% risk of failure)
Press: ? - help, Shift-Dir - straight line, f - goblin
Aim: a goblin, wielding a +0 dagger (strong, 74% to hit)
The blast of sand hits the goblin!
You kill the goblin!
A hobgoblin comes into view.
The goblin hits you with a +0 club.
You die...

.# .###### ####
.......
....g###.....####
#..g)...# .... #
#....# ...# .#
####g...# ..##.##
#..)g#######......
#..#@)..#.....#.#
.....####.#.#...#.#
......#####.#.......#
.#..................#
############.......#
##....### ###....##
#.......##
#####......#.#####


You could see Robin, a hobgoblin (strong) and a goblin (strong).

Vanquished Creatures
  2 adders (D:2)
  3 dart slugs (D:1)
  An endoplasm (D:1)
  A giant cockroach (D:1)
  4 hobgoblins
  2 quokkas (D:2)
  4 ball pythons
  3 bats
  3 frilled lizards
  8 goblins (D:2)
  6 kobolds
  4 rats
41 creatures vanquished.

Notes
Turn   | Place    | Note
-------+----------+-------------------------------------------
     0 | D:1      | Crownlay the Gargoyle Earth Elementalist began the quest
                  | for the Orb.
     0 | D:1      | Reached XP level 1. HP: 10/10 MP: 3/3
   103 | D:1      | Reached skill level 4 in Earth Magic
   103 | D:1      | Reached XP level 2. HP: 10/15 MP: 0/5
   267 | D:1      | Found a faded altar of an unknown god.
   383 | D:1      | Found Jabep's Magic Scroll Shop.
   401 | D:1      | Bought a scroll of identify for 26 gold pieces
   401 | D:1      | Bought a scroll of identify for 26 gold pieces
   401 | D:1      | Bought a scroll of noise for 13 gold pieces
   890 | D:2      | Reached XP level 3. HP: 16/19 MP: 7/7
   894 | D:2      | Learned a level 3 spell: Stone Arrow
  1325 | D:2      | Noticed Robin
  1332 | D:2      | Reached XP level 4. HP: 24/24 MP: 8/8
  1346 | D:2      | Slain by a goblin

Illustrated notes

Levels and vault maps discovered:
D:1:      dpeg_arrival_rooms_a, layout_loops_ring, serial_shops, shop_coins,
          hellmonk_ecumenical_altar_pennies_from_heaven
D:2:      layout_loops_ring, uniq_robin

Skill      XL: |  1  2  3 |
---------------+----------+-----
Earth Magic    | 4 |  4.9
Spellcasting   | 3 |  3.1
Dodging        | |  1.5
Stealth        | |  2.1
Transmutations | |  0.7

Action                   |  1- 3 |  4- 6 || total
-------------------------+-------+-------++-------
Melee: Whip              |    22 |       ||    22
       Short sword       |    38 |     7 ||    45
 Cast: Sandblast         |    11 |     5 ||    16
 Stab: Sleeping          |     4 |       ||     4
Armor: Robe              |    29 |     7 ||    36
Dodge: Dodged            |    35 |    12 ||    47

Table legend: (Time is in decaauts)
 A = Elapsed time spent in this place.
 B = Non-inter-level travel time spent in this place.
 C = Inter-level travel time spent in this place.
 D = Time resting spent in this place.
 E = Time spent auto-exploring this place.
 F = Levels seen in this place.
 G = Mean time per level.
                   A        B        C        D        E       F      G
               +--------+--------+--------+--------+--------+-----+--------+
         Total |   1352 |   1328 |     24 |      0 |   1111 |   2 |  676.0 |
       Dungeon |   1352 |   1328 |     24 |      0 |   1111 |   2 |  676.0 |
               +--------+--------+--------+--------+--------+-----+--------+

Top non-repeatable levels by time:
     D:1: 882 daAuts
     D:2: 470 daAuts
